[Event "SS Manhem Chess Week 2019 GM and IM tournaments"]
[Site "Molnlycke kulturhus, Biblioteksgatan 2, Molnlycke, Sweden"]
[Date "2019.08.12"]
[Round "4.6"]
[White "Ornstein, Axel"]
[Black "Borsuk, Konstantin"]
[Result "1/2-1/2"]
[TimeControl "90 minutes for 40 moves + 30 minutes for the rest of the game + 30 seconds per move from move one."]
[WhiteTitle "IM"]
[BlackTitle "FM"]
[WhiteFideId "1700111"]
[BlackFideId "14113406"]
[WhiteElo "2311"]
[BlackElo "2372"]

1. Nf3 Nf6 2. g3 b6 3. Bg2 Bb7 4. c4 g6 5. b3 Bg7 6. Bb2 O-O 7. O-O e6 8. d4 d5 9. Nbd2 Nbd7 10.
Rc1 Re8 11. Qc2 Rc8 12. Rfd1 Qe7 13. c5 c6 14. b4 a5 15. a3 axb4 16. axb4 bxc5 17. bxc5 Ba6 18. e3 Bb5 19. Ra1 Ra8 20.
h3 Reb8 21. Rxa8 Rxa8 22. Ra1 Qf8 23. Qd1 h6 24. Rxa8 Qxa8 25. Qa1 Qxa1+ 26. Bxa1 Ne4 27. Nxe4 dxe4 28. Ne5 Bxe5 29. dxe5
Bd3 30. Bd4 f6 31. f4 1/2-1/2

[Event "SS Manhem Chess Week 2019 GM and IM tournaments"]
[Site "Molnlycke kulturhus, Biblioteksgatan 2, Molnlycke, Sweden"]
[Date "2019.08.12"]
[Round "4.7"]
[White "Kucuksari, Kaan"]
[Black "Fries-Nielsen, Jens Ove"]
[Result "0-1"]
[TimeControl "90 minutes for 40 moves + 30 minutes for the rest of the game + 30 seconds per move from move one."]
[WhiteTitle "FM"]
[BlackTitle "IM"]
[WhiteFideId "6380166"]
[BlackFideId "1400142"]
[WhiteElo "2286"]
[BlackElo "2351"]

1. d4 d5 2. Nf3 e6 3. g3 Nf6 4. Bg2 Be7 5. c4 O-O 6. O-O a5 7. Nc3 dxc4 8. Ne5 Nc6 9. Bxc6 bxc6 10.
Nxc6 Qe8 11. Nxe7+ Qxe7 12. Qa4 Qb4 13. Bg5 Nd5 14. Qc2 Qb6 15. Rad1 Bb7 16. a3 f6 17. Bc1 Qb3 18. Qxb3 cxb3 19. Na4 Ba6 20. Rfe1 Nb6 21.
Nc5 Bc4 22. Bf4 Rac8 23. Rc1 a4 24. Nxa4 g5 25. Bd6 Rfe8 26. Bc5 Nxa4 27. Rxc4 Ra8 28. Bb4 Nxb2 29. Rc3 Na4 30. Rxb3 Red8 31.
Rc1 Rd7 32. Rc6 Kf7 33. Re3 Re8 34. Ra6 Nb6 35. Bc5 Nd5 36. Rb3 f5 37. e3 Rdd8 38. f3 Rb8 39. Rxb8 Rxb8 40. e4 Rb1+ 41.
Kf2 Rb2+ 42. Ke1 fxe4 43. fxe4 Nc3 44. e5 h5 45. Bb4 Nd5 46. Bd2 g4 47. Ke2 Nb6 48. Kd3 Ra2 49. Ra7 Kg6 50.
d5 Nxd5 51. a4 Kf5 52. a5 Kxe5 53. Ra8 c5 54. Rc8 Kd6 55. Rd8+ Kc7 56.
Rh8 c4+ 57. Kxc4 Rxd2 58. Rxh5 Kc6 59. Rh6 Kd6 60. Rh5 Rc2+ 61. Kd3 Ra2 62. Rh4 Ra3+ 63. Ke2 Nf6 64. Kf2 Rxa5 65. h3 gxh3 66.
Rxh3 Rh5 67. Rh4 Rxh4 68. gxh4 Ke5 69. Ke3 Kf5 70. Kd4 e5+ 0-1

[Event "SS Manhem Chess Week 2019 GM and IM tournaments"]
[Site "Molnlycke kulturhus, Biblioteksgatan 2, Molnlycke, Sweden"]
[Date "2019.08.12"]
[Round "4.8"]
[White "Hill, Alistair"]
[Black "Rydstrom, Tom"]
[Result "1-0"]
[TimeControl "90 minutes for 40 moves + 30 minutes for the rest of the game + 30 seconds per move from move one."]
[BlackTitle "FM"]
[WhiteFideId "432407"]
[BlackFideId "1714830"]
[WhiteElo "2224"]
[BlackElo "2314"]

1. g3 e5 2. c4 Nc6 3. Nc3 Bc5 4. Bg2 a6 5. e3 d6 6. Nge2 Ba7 7. d4 Nf6 8. O-O O-O 9. b3 Re8 10.
Bb2 Bf5 11. Nd5 e4 12. Nec3 Nxd5 13. Nxd5 Ne7 14. Qh5 Bg6 15. Nxe7+ Qxe7 16. Qa5 Bb6 17. Qc3 d5 18. c5 Ba7 19.
c6 b5 20. b4 Bb6 21. a4 h5 22. axb5 axb5 23. Rxa8 Rxa8 24. Ra1 Rd8 25. Bf1 h4 26. Bxb5 Bh5 27. Bf1 hxg3 28. fxg3 Bg4 29.
Ba3 Qg5 30. Ra2 Ra8 31. Rf2 Qh6 32. Qc1 Bf3 33. b5 Bg4 34. Be2 Bh3 35. Bf1 Bg4 36. Bg2 Ra4 37. Bf1 Bf3 38. Qc3 Ra8 39.
Be2 Ba5 40. Qc1 Be1 41. Qxe1 Bxe2 42. Qxe2 Rxa3 43. Qg4 Qe6 44. Qf4 Qe7 45. b6 cxb6 46. Qb8+ Qf8 47. c7 Ra8 48. Qxb6 Rc8 49.
Qb7 Qe8 50. Rb2 Kh7 51. Rb5 Qe6 52. Rc5 Qg4 53. Qxd5 Qd1+ 54. Kg2 Qf3+ 55. Kh3 g6 56. Qe5 Qf1+ 57. Kh4 f6 58. Qe6 Kh6 59.
Rh5+ gxh5 60. Qxc8 1-0

[Event "SS Manhem Chess Week 2019 GM and IM tournaments"]
[Site "Molnlycke kulturhus, Biblioteksgatan 2, Molnlycke, Sweden"]
[Date "2019.08.12"]
[Round "4.9"]
[White "Malmstig, Erik"]
[Black "Pham, Bich Ngoc"]
[Result "0-1"]
[TimeControl "90 minutes for 40 moves + 30 minutes for the rest of the game + 30 seconds per move from move one."]
[WhiteTitle "FM"]
[BlackTitle "WIM"]
[WhiteFideId "1702866"]
[BlackFideId "12401285"]
[WhiteElo "2335"]
[BlackElo "2176"]

1. d4 f5 2. c4 Nf6 3. Nc3 g6 4. e3 Bg7 5. Bd3 d6 6. Nge2 e5 7. f3 Be6 8. Qc2 c6 9. Bd2 Nbd7 10.
O-O O-O 11. b4 Qe7 12. Rac1 Bf7 13. Ng3 Rae8 14. Na4 d5 15. c5 e4 16. fxe4 dxe4 17. Bc4 Nd5 18. Ne2 N7f6 19. Qb3 Bh6 20.
h3 Nh5 21. Rce1 Nxe3 22. Bxf7+ Qxf7 23. Nec3 Qxb3 24. axb3 Nxf1 25. Bxh6 Nfg3 26. Bxf8 Kxf8 27. d5 Nf4 28. dxc6 bxc6 29.
Re3 Ngh5 30. b5 cxb5 31. Nxb5 Nd3 32. c6 f4 33. Rxd3 exd3 34. Nxa7 d2 35. Nb2 Re1+ 36. Kf2 Ng3 37.
Kf3 Rf1+ 38. Kg4 h5+ 39. Kg5 Kg7 40. c7 Ne4+ 41. Kh4 Kh6 42. c8=Q g5# 0-1

[Event "SS Manhem Chess Week 2019 GM and IM tournaments"]
[Site "Molnlycke kulturhus, Biblioteksgatan 2, Molnlycke, Sweden"]
[Date "2019.08.12"]
[Round "4.10"]
[White "Jacobsen, Mikkel Manosri"]
[Black "Renman, Nils-Gustaf"]
[Result "1-0"]
[TimeControl "90 minutes for 40 moves + 30 minutes for the rest of the game + 30 seconds per move from move one."]
[WhiteTitle "FM"]
[BlackTitle "IM"]
[WhiteFideId "1444514"]
[BlackFideId "1700367"]
[WhiteElo "2269"]
[BlackElo "2346"]

1. Nf3 d5 2. e3 Nf6 3. c4 c6 4. Nc3 e6 5. b3 Nbd7 6. Bb2 Bd6 7. d4 O-O 8. Qc2 Qe7 9. Be2 dxc4 10.
bxc4 e5 11. O-O Re8 12. Rfe1 e4 13. Nd2 Nf8 14. f3 exf3 15. Bxf3 Ng4 16. Nf1 Qh4 17. g3 Qf6 18. Qg2 Bb4 19.
Re2 h5 20. Ne4 Qg6 21. c5 Bf5 22. Nd6 Bd3 23. h3 Bxe2 24. Qxe2 Nf6 25. Nc4 Nd5 26. Kh2 h4 27. a3 Bc3 28.
e4 Bxb2 29. Qxb2 hxg3+ 30. Nxg3 Nf4 31. Nd6 Qh7 32. Bg4 Re7 33. Rf1 N8e6 34. Qd2 g5 35. Ngf5 Rd7 36. d5 cxd5 37. exd5 Nxc5 38. Qd4 b6 39.
Qf6 Qg6 40. Nh6+ Kh7 41. Bf5 Kxh6 42. Bxg6 fxg6 43. Nf7+ Rxf7 44. Qxf7 Ncd3 45. h4 Rc8 46. hxg5+ Kxg5 47. Qe7+ Kh5 48.
Kg3 1-0

[Event "SS Manhem Chess Week 2019 GM and IM tournaments"]
[Site "Molnlycke kulturhus, Biblioteksgatan 2, Molnlycke, Sweden"]
[Date "2019.08.13"]
[Round "5.2"]
[White "Ahlander, Bjorn"]
[Black "Urkedal, Frode Olav Olsen"]
[Result "1/2-1/2"]
[TimeControl "90 minutes for 40 moves + 30 minutes for the rest of the game + 30 seconds per move from move one."]
[WhiteTitle "IM"]
[BlackTitle "GM"]
[WhiteFideId "1700251"]
[BlackFideId "1506102"]
[WhiteElo "2390"]
[BlackElo "2566"]

1. Nf3 Nf6 2. c4 e6 3. Nc3 d5 4. d4 Be7 5. Bg5 h6 6. Bxf6 Bxf6 7. e3 O-O 8. Rc1 c6 9. Bd3 Nd7 10.
O-O b6 11. cxd5 exd5 12. e4 dxe4 13. Nxe4 c5 14. Bb5 cxd4 15. Nxf6+ Nxf6 16. Qxd4 Bb7 17. Bc6 Bxc6 18. Rxc6 Qxd4 19.
Nxd4 Rfd8 20. Rc4 Ne4 21. Nc6 Nd2 22. Rc2 Nxf1 23. Nxd8 Ne3 24. fxe3 Rxd8 25. h4 Rd1+ 26. Kf2 Rb1 27.
Kf3 g6 28. b3 Ra1 29. a4 Rb1 30. Rc7 a6 31. Rc3 h5 32. Ke4 b5 33. axb5 axb5 34. g3 Kg7 35. Kd4 b4 36. Rd3 Rc1 37.
Ke4 Rg1 38. Kf4 Rf1+ 39. Ke4 Rg1 40. Kf3 Rb1 41. Ke4 Kf6 42. Kf4 Rf1+ 43. Ke4 Ke6 44. Rd4 f5+ 45. Kd3 Rf3 46. Rxb4 Rxg3 47.
Rb6+ Kd5 48. Ke2 Kc5 49. Rf6 Kb4 50. Rb6+ Kc3 51. Kf2 Rg4 52. Kf3 Kc2 53. Kf2 Kd2 54. Rd6+ Kc3 55. Rb6 Kc2 56.
Kf3 Kd2 57. Kf2 Rxh4 58. Rd6+ Kc3 59. Rxg6 Rg4 60. Rf6 Rg5 61. Kf3 Kxb3 62. Kf4 Rg1 63. Rxf5 Rf1+ 1/2-1/2

[Event "SS Manhem Chess Week 2019 GM and IM tournaments"]
[Site "Molnlycke kulturhus, Biblioteksgatan 2, Molnlycke, Sweden"]
[Date "2019.08.13"]
[Round "5.6"]
[White "Borsuk, Konstantin"]
[Black "Kucuksari, Kaan"]
[Result "0-1"]
[TimeControl "90 minutes for 40 moves + 30 minutes for the rest of the game + 30 seconds per move from move one."]
[WhiteTitle "FM"]
[BlackTitle "FM"]
[WhiteFideId "14113406"]
[BlackFideId "6380166"]
[WhiteElo "2372"]
[BlackElo "2286"]

1. d4 d5 2. c4 c6 3. Nc3 Nf6 4. e3 e6 5. Nf3 Nbd7 6. Qc2 Bd6 7. Be2 O-O 8. O-O dxc4 9. Bxc4 b5 10.
Be2 Bb7 11. Rd1 Qe7 12. e4 e5 13. g3 Rad8 14. a3 Rfe8 15. Bg5 exd4 16. Nxd4 Be5 17. Nf5 Qf8 18. f3 a6 19. Be3 g6 20.
Bh6 Qc5+ 21. Be3 Qf8 22. Nh6+ Kg7 23. g4 Qe7 24. Bf1 c5 25. Qf2 b4 26. axb4 cxb4 27. Na4 Bd6 28. Bg2 Bc6 29.
Nxf7 Kxf7 30. Qh4 Bxa4 31. Rxa4 Bc5 32. Qf2 Bxe3 33. Qxe3 Qc5 34. Re1 Nd5 35. Qf2 Qxf2+ 36. Kxf2 Nc5 0-1

[Event "SS Manhem Chess Week 2019 GM and IM tournaments"]
[Site "Molnlycke kulturhus, Biblioteksgatan 2, Molnlycke, Sweden"]
[Date "2019.08.13"]
[Round "5.8"]
[White "Pham, Bich Ngoc"]
[Black "Ornstein, Axel"]
[Result "1-0"]
[TimeControl "90 minutes for 40 moves + 30 minutes for the rest of the game + 30 seconds per move from move one."]
[WhiteTitle "WIM"]
[BlackTitle "IM"]
[WhiteFideId "12401285"]
[BlackFideId "1700111"]
[WhiteElo "2176"]
[BlackElo "2311"]

1. f4 d5 2. Nf3 Nf6 3. g3 Bf5 4. Bg2 e6 5. d3 h6 6. O-O Nbd7 7. e3 c6 8. Qe2 Bc5 9. Nc3 Bh7 10.
h3 Qe7 11. Kh2 Bb4 12. Bd2 e5 13. fxe5 Nxe5 14. Nxe5 Qxe5 15. Nxd5 Nh5 16. Qf2 Bxd2 17. Qxf7+ Kd8 18. Qxb7 Rb8 19. Qxc6 Rc8 20. Qb7 Nxg3 21.
Rf7 Bf5 22. Qe7+ Qxe7 23. Nxe7 Rxc2 24. Kxg3 Bd7 25. Nd5 g5 26.
Rf2 1-0

[Event "SS Manhem Chess Week 2019 GM and IM tournaments"]
[Site "Molnlycke kulturhus, Biblioteksgatan 2, Molnlycke, Sweden"]
[Date "2019.08.13"]
[Round "5.9"]
[White "Renman, Nils-Gustaf"]
[Black "Hill, Alistair"]
[Result "1/2-1/2"]
[TimeControl "90 minutes for 40 moves + 30 minutes for the rest of the game + 30 seconds per move from move one."]
[WhiteTitle "IM"]
[WhiteFideId "1700367"]
[BlackFideId "432407"]
[WhiteElo "2346"]
[BlackElo "2224"]

1. d4 Nf6 2. Nf3 g6 3. c4 Bg7 4. Nc3 d5 5. cxd5 Nxd5 6. e4 Nxc3 7. bxc3 c5 8. Be3 Qa5 9. Qd2 O-O 10.
Rb1 b6 11. Rb5 Qa4 12. Rb3 Ba6 13. Bxa6 Qxa6 14. d5 Nd7 15. Qc2 c4 16. Rb1 Qa5 17. O-O Rfc8 18. Nd4 Ne5 19. h3 Kf8 20.
a4 Nd3 21. Rb5 Qa6 22. Nc6 Qb7 23. Rfb1 e6 24. a5 exd5 25. exd5 Qd7 26. axb6 axb6 27. Bxb6 Re8 28. Be3 Kg8 29.
Qd2 Qd6 30. Nb4 Nxb4 31. R5xb4 Rec8 32. Rb5 Rd8 33. Qe2 Rac8 34. Qf3 Rd7 35. Bf4 Qf6 36. Rb8 Rdd8 37. Rxc8 Rxc8 38. d6 Rd8 39.
Rd1 g5 40. Be3 Qxf3 41. gxf3 Rd7 42. Bxg5 Bxc3 43. Bf4 Bb2 44. Rd5 Ba3 45. Ra5 Bb4 46. Rb5 Ba3 47. Ra5 Bb4 48. Rb5 Ba3 49.
Ra5 1/2-1/2

[Event "SS Manhem Chess Week 2019 GM and IM tournaments"]
[Site "Molnlycke kulturhus, Biblioteksgatan 2, Molnlycke, Sweden"]
[Date "2019.08.13"]
[Round "5.10"]
[White "Rydstrom, Tom"]
[Black "Malmstig, Erik"]
[Result "1-0"]
[TimeControl "90 minutes for 40 moves + 30 minutes for the rest of the game + 30 seconds per move from move one."]
[WhiteTitle "FM"]
[BlackTitle "FM"]
[WhiteFideId "1714830"]
[BlackFideId "1702866"]
[WhiteElo "2314"]
[BlackElo "2335"]

1. e4 c5 2. Nf3 e6 3. d4 cxd4 4. Nxd4 a6 5. Bd3 Qc7 6. O-O Nf6 7. Qe2 d6 8. f4 Nbd7 9. c4 b6 10.
Nc3 Bb7 11. Bd2 Nc5 12. Bc2 g6 13. e5 Nh5 14. Nd5 Bxd5 15. cxd5 dxe5 16. fxe5 exd5 17. e6 f6 18. g4 Qe5 19.
Qf2 Ne4 20. Bxe4 Bc5 21. Be3 Qxe4 22. gxh5 Bxd4 23. Bxd4 gxh5 24. h3 O-O-O 25. Kh2 Rhg8 26. Rae1 Qd3 27. e7 1-0

[Event "SS Manhem Chess Week 2019 GM and IM tournaments"]
[Site "Molnlycke kulturhus, Biblioteksgatan 2, Molnlycke, Sweden"]
[Date "2019.08.14"]
[Round "6.6"]
[White "Fries-Nielsen, Jens Ove"]
[Black "Borsuk, Konstantin"]
[Result "0-1"]
[WhiteElo "2351"]
[BlackElo "2372"]
[TimeControl "90 minutes for 40 moves + 30 minutes for the rest of the game + 30 seconds per move from move one."]

1. d4 Nf6 2. Nf3 e6 3. e3 b6 4. Bd3 Bb7 5. O-O c5 6. c3 Be7 7. Nbd2 cxd4 8. cxd4 Ba6 9. Bxa6 Nxa6 10. a3 O-O 11. e4 d5 12. e5 Nd7 13. Qe2 Nc7 14. Nb1 b5 15. Nc3 b4 16. axb4 Bxb4 17. Qd3 Be7 18.
Bd2 Qb8 19. Ng5 Bxg5 20. Bxg5 Qb7 21. Be7 Rfc8 22. Ra3 Ne8 23. f4 Nxe5 24. fxe5 Qxe7 25. Ne2 Rab8 26. Qd2 Rc7 27. Rh3 f5 28. Nf4 Rcb7 29. Qe2 g6 30. Nd3 Rb3 31. Qd2 Rc8 32. Qd1 Rb7 33. Rf4 Rbc7 34. Rg3 Ng7 35. h3 g5 36. Rf1 f4 37. Rgf3 Nf5 38. Nf2 Qb4 39. Rd3 Ne3 40. Rxe3 fxe3 41. Ng4 Rc1 42. Nf6+ Kh8 43. Qxc1 Rxc1 44. Rxc1 e2 45. Rc8+ Kg7 0-1

[Event "SS Manhem Chess Week 2019 GM and IM tournaments"]
[Site "Molnlycke kulturhus, Biblioteksgatan 2, Molnlycke, Sweden"]
[Date "2019.08.14"]
[Round "6.7"]
[White "Jacobsen, Mikkel Manosri"]
[Black "Hill, Alistair"]
[Result "1-0"]
[WhiteElo "2343"]
[BlackElo "2224"]
[TimeControl "90 minutes for 40 moves + 30 minutes for the rest of the game + 30 seconds per move from move one."]

1. Nf3 Nf6 2. e3 g6 3. c4 Bg7 4. d4 O-O 5. Be2 c5 6. d5 d6 7. Nc3 e6 8. O-O Re8 9. Nd2 Na6 10. e4 Nc7 11. a4 h5 12. h3 Nh7 13.
Ra3 Na6 14. Kh1 e5 15. Nf3 Nb4 16. a5 Bd7 17. Bd2 $11 f5 18. exf5 Bxf5 19. Ne1 e4 20. Qc1 a6 21. Nd1 Be5 22. Ne3 Bd7 23. f4 exf3 24. Nxf3 Bg7 25. Bd1 Re4 26. Rb3 Qe8 27. Bxb4 cxb4 28. Bc2 Bh6 29. Bxe4 Qxe4 30. Qb1 Qe8 31. Re1 Qf7 32. Nh4 Kg7 33. Rxb4 Re8 34. Rf1 Nf6 35. Nd1 Bc8 36. Qd3 Bg5 37. Qg3 Bxh4 38. Qxh4 Re5 39. Rb3 Qe7 40. Re3 Bf5 41. Rfe1 Rxe3 42. Nxe3 Be4 43. Qf4 h4 44. Qxh4 Qe5 45. Ng4 1-0

[Event "SS Manhem Chess Week 2019 GM and IM tournaments"]
[Site "Molnlycke kulturhus, Biblioteksgatan 2, Molnlycke, Sweden"]
[Date "2019.08.14"]
[Round "6.8"]
[White "Kucuksari, Kaan"]
[Black "Pham, Bich Ngoc"]
[Result "1-0"]
[WhiteElo "2310"]
[BlackElo "2176"]
[TimeControl "90 minutes for 40 moves + 30 minutes for the rest of the game + 30 seconds per move from move one."]

1. d4 f5 2. c4 Nf6 3. Nc3 g6 4. g3 Bg7 5. Nf3 O-O 6. Bg2 d6 7. O-O c6 8. Rb1 Qc7 9. d5 e5 10. dxe6 Qe7 11. Bf4 Rd8 12. e4 Bxe6 13. Re1 Qf8 (13... Qd7 $16) 14. Qb3 Na6 15. Ng5 $14 Bf7 16. Qxb7 Bxc4 17. exf5 gxf5 18. Bxc6 h6 19. Ne6 Nc5 20. Qxg7+ Qxg7 21. Nxg7 Kxg7 22. Bxa8 Rxa8 23. Bxd6 Nd3 24. Re7+ Kg6 25. b3 Ba6 26. Be5 Nxe5 27. Rxe5 Bb7 28. Re7 Bf3 29. Ne2 Nd5 30. Re6+ Kf7 31. Nd4 Rd8 32. Rbe1 Be4 33. f3 Nc7 34. Rxh6 Kg7 35. Rh4 Rxd4 36. fxe4 Rd2 37. exf5 Nd5 38. Ra4 Kf6 39. Rxa7 Nc3 40. Ra6+ Kxf5 41. Rf1+ Ke5 42. Rf2 Rd1+ 43. Kg2 1-0

[Event "SS Manhem Chess Week 2019 GM and IM tournaments"]
[Site "Molnlycke kulturhus, Biblioteksgatan 2, Molnlycke, Sweden"]
[Date "2019.08.14"]
[Round "6.9"]
[White "Malmstig, Erik"]
[Black "Renman, Nils-Gustaf"]
[Result "0-1"]
[WhiteElo "2357"]
[BlackElo "2346"]
[TimeControl "90 minutes for 40 moves + 30 minutes for the rest of the game + 30 seconds per move from move one."]

1. e4 e6 2. d4 d5 3. Nc3 Nf6 4. Bg5 Bb4 5. e5 h6 6. Bh4 g5 7. Bg3 Ne4 8. Nge2 c5 {[%emt 0:01:47] C12: French: Classical System:
McCutcheon Variation} 9. a3 Bxc3+ 10. Nxc3 Qa5 11. Qd3 $146 ({
Predecessor:} 11. dxc5 Nc6 {1/2-1/2 (66) Popov,I (2596)-Morozevich,A (2683)
Moscow 2016}) 11... Nc6 12. dxc5 a6 13. O-O-O $1 Nxc3 14. Qxc3 Qxc3 15. bxc3 Bd7 16. h4 O-O-O 17. c4 Ne7 18. cxd5 Nxd5 19. Rd4 Ne7 20. Bd3 Bb5 21. Rxd8+ Rxd8 22. Bxb5 axb5 23. hxg5 hxg5 24. Rh5 Rd5 $14 25. Rxg5 Ng6 26. f4 Rxc5 27. Kb2 Kd7 28. Bf2 Rc4 29.
g3 Re4 30. Kc3 Kc6 31. Rh5 Rc4+ 32. Kd2 Kd5 33. Rh7 Rc7 34. Kd3 Rd7 35. c3 Kc6+ 36. Ke4 f5+ 0-1

[Event "SS Manhem Chess Week 2019 GM and IM tournaments"]
[Site "Molnlycke kulturhus, Biblioteksgatan 2, Molnlycke, Sweden"]
[Date "2019.08.14"]
[Round "6.10"]
[White "Ornstein, Axel"]
[Black "Rydstrom, Tom"]
[Result "1-0"]
[WhiteElo "2311"]
[BlackElo "2345"]
[TimeControl "90 minutes for 40 moves + 30 minutes for the rest of the game + 30 seconds per move from move one."]

1. d4 Nf6 2. c4 e6 3. Nc3 Bb4 4. e3 O-O 5. Nge2 c6 6. a3 Ba5 7. Ng3 d5 8. Be2 Nbd7 9. O-O e5 10. dxe5 Nxe5 11. b4 Bc7 12. cxd5 cxd5 13. f4 Nc6 14. Bf3 d4 15. Na4 Re8 16. b5 Na5 17. exd4 Be6 18. Nc5 Bc4 19. Rf2 Bb6 20. Bb2 Nd5 21. a4 Qe7 22. Be4 Rad8 23. Qf3 Nf6 24. Nf5 Qc7 25. Bc2 Bd5 26. Qg3 g6 27. Ne3 Rxe3 28. Qxe3 Ng4 29. Qe2 Nxf2 30. Qxf2 Nc4 31. Bc3 Qd6 32. Re1 Bc7 33. Nd3 b6 34. Bb4 Qd7 35. Re7 Qc8 36. Ne5 Nd6 37. f5 g5 38. Nc6 Re8 39. Qe3 Bxc6 40.
bxc6 Rxe7 41. Qxe7 Nxf5 42. Qxg5+ Ng7 43. d5 Qe8 44. Qe7 Qxe7 45. Bxe7 Ne8 46. Bh4 Kg7 47. Kf2 Nf6 48. Bb3 Kg6 49. Kf3 Ne8 50. Bc2+ Kg7 51. Bf2 h5 52. Bd4+ Kf8 53. h4 Ke7 54. g4 hxg4+ 55. Kxg4 Nf6+ 56. Bxf6+ Kxf6 57. h5 Be5 58. h6 Ke7 59. Kf5 Bc3 60. c7 1-0

[Event "SS Manhem Chess Week 2019 GM and IM tournaments"]
[Site "Molnlycke kulturhus, Biblioteksgatan 2, Molnlycke, Sweden"]
[Date "2019.08.14"]
[Round "7.1"]
[White "Seo, Jung Min"]
[Black "Urkedal, Frode Olav Olsen"]
[Result "1-0"]
[TimeControl "90 minutes for 40 moves + 30 minutes for the rest of the game + 30 seconds per move from move one."]
[WhiteTitle "FM"]
[BlackTitle "GM"]
[WhiteFideId "1734687"]
[BlackFideId "1506102"]
[WhiteElo "2409"]
[BlackElo "2566"]

1. e4 e5 2. Nf3 Nc6 3. Bb5 a6 4.
Ba4 Nf6 5. d3 b5 6. Bb3 Be7 7. a4 b4 8. a5 O-O 9. O-O d6 10. Nbd2 Be6 11. Bxe6 fxe6 12. c3 Rb8 13. Nc4 Qe8 14.
Qe2 Nh5 15. d4 bxc3 16. bxc3 exd4 17. Nxd4 Bd8 18. Be3 Nxd4 19. cxd4 Rb5 20. Rfb1 Nf6 21.
e5 Nd5 22. Bd2 Rxb1+ 23. Rxb1 Qg6 24. Re1 Bg5 25. exd6 Bxd2 26. Qxd2 Nf4 27. f3 cxd6 28. Nxd6 h5 29. Ne4 h4 30.
g3 hxg3 31. hxg3 Nh3+ 32. Kg2 Nf4+ 33. Kf1 Nh5 34. Kf2 Qg4 35. Qe2 Qh3 36. Rg1 Nf6 37. Nxf6+ Rxf6 38. Qxa6 Qf5 39. Qc8+ Rf8 40. Qc3 g5 41.
g4 Qf4 42. Kg2 Rf7 43. Rh1 Rc7 44. Qd3 Qf6 45. Re1 Rd7 46. Qe4 Kf7 47. Qe5 Rxd4 48. Qxf6+ Kxf6 49. Ra1 Rd2+ 50. Kg3 Rd8 51.
a6 Ke5 52. a7 Ra8 53. Kf2 Kd4 54. Ke2 e5 55. Ra4+ Kd5 56. Ke3 e4 57. Ra5+ 1-0

[Event "SS Manhem Chess Week 2019 GM and IM tournaments"]
[Site "Molnlycke kulturhus, Biblioteksgatan 2, Molnlycke, Sweden"]
[Date "2019.08.14"]
[Round "7.2"]
[White "Blomqvist, Erik"]
[Black "Hector, Jonny"]
[Result "1-0"]
[TimeControl "90 minutes for 40 moves + 30 minutes for the rest of the game + 30 seconds per move from move one."]
[WhiteTitle "GM"]
[BlackTitle "GM"]
[WhiteFideId "1709437"]
[BlackFideId "1700090"]
[WhiteElo "2507"]
[BlackElo "2493"]

1. e4 e5 2. Nf3 Nc6 3. Bb5 a6 4. Ba4 Nf6 5. O-O Bc5 6. c3 b5 7. Bb3 d6 8. a4 Bg4 9. axb5 axb5 10.
Rxa8 Qxa8 11. h3 Bd7 12. d4 Bb6 13. Be3 Qa7 14. Na3 Nd8 15. Re1 exd4 16. cxd4 O-O 17. e5 Ne8 18. Qd3 Ne6 19.
Nxb5 Qa6 20. Bc2 g6 21. Nc3 Qxd3 22. Bxd3 dxe5 23. Nxe5 Bc8 24. Nd5 Nd6 25. Bh6 Ng7 26. Nxb6 cxb6 27.
Rc1 Ndf5 28. Be3 Be6 29. d5 Bxd5 30. Nd7 Nxe3 31. Nxf8 Nxg2 32. Nd7 Nh5 33. Nxb6 Bf3 34. Nc4 Nhf4 35.
Ne5 Bd5 36. Rc8+ Kg7 37. Bc4 Nxh3+ 38. Kh2 Bxc4 39. Nxc4 Ngf4 40. Kg3 g5 41. b4 h5 42. f3 h4+ 43. Kh2 Nf2 44. Ne3 N2d3 45.
b5 Ne5 46. b6 Nxf3+ 47. Kh1 Nd3 48. b7 h3 49. Nd1 1-0

[Event "SS Manhem Chess Week 2019 GM and IM tournaments"]
[Site "Molnlycke kulturhus, Biblioteksgatan 2, Molnlycke, Sweden"]
[Date "2019.08.14"]
[Round "7.6"]
[White "Borsuk, Konstantin"]
[Black "Jacobsen, Mikkel Manosri"]
[Result "1/2-1/2"]
[TimeControl "90 minutes for 40 moves + 30 minutes for the rest of the game + 30 seconds per move from move one."]
[WhiteTitle "FM"]
[BlackTitle "FM"]
[WhiteFideId "14113406"]
[BlackFideId "1444514"]
[WhiteElo "2372"]
[BlackElo "2269"]

1. d4 Nf6 2. c4 e6 3. Nc3 d5 4. cxd5 exd5 5. Bg5 Nbd7 6. e3 Be7 7. Bd3 O-O 8. Nge2 Re8 9. O-O h6 10.
Bh4 a6 11. Qc2 b5 12. Rad1 Bb7 13. h3 c6 14. Bg3 Qb6 15. Nf4 1/2-1/2

[Event "SS Manhem Chess Week 2019 GM and IM tournaments"]
[Site "Molnlycke kulturhus, Biblioteksgatan 2, Molnlycke, Sweden"]
[Date "2019.08.14"]
[Round "7.7"]
[White "Pham, Bich Ngoc"]
[Black "Fries-Nielsen, Jens Ove"]
[Result "1/2-1/2"]
[TimeControl "90 minutes for 40 moves + 30 minutes for the rest of the game + 30 seconds per move from move one."]
[WhiteTitle "WIM"]
[BlackTitle "IM"]
[WhiteFideId "12401285"]
[BlackFideId "1400142"]
[WhiteElo "2176"]
[BlackElo "2351"]

1. f4 e6 2. Nf3 f5 3. g3 Nf6 4. Bg2 g6 5. d3 Bg7 6. O-O O-O 7. Nc3 d5 8. e4 d4 9. Nb5 Nc6 10.
e5 Nd7 11. Qe2 a6 12. Nbxd4 Nxd4 13. Nxd4 Nxe5 14. Nxe6 Bxe6 15. fxe5 Qd4+ 16. Kh1 Bd5 17. Re1 Rfe8 18. Bf4 Bxg2+ 19. Qxg2 Qxb2 20. Rab1 Qxa2 21. Qxb7 Qxc2 22. Rbc1 Qa2 23. Rxc7 Bf8 24. Qc6 Rad8 25. e6 Qd5+ 26. Qxd5 Rxd5 27.
Re3 a5 28. Rd7 Rxd7 29. exd7 Rd8 30. Re8 Rxd7 31. Bh6 Rf7 32. Ra8 a4 33. Kg2 a3 34. Kf3 a2 35. Bxf8 Rxf8 1/2-1/2

[Event "SS Manhem Chess Week 2019 GM and IM tournaments"]
[Site "Molnlycke kulturhus, Biblioteksgatan 2, Molnlycke, Sweden"]
[Date "2019.08.14"]
[Round "7.8"]
[White "Rydstrom, Tom"]
[Black "Kucuksari, Kaan"]
[Result "1-0"]
[TimeControl "90 minutes for 40 moves + 30 minutes for the rest of the game + 30 seconds per move from move one."]
[WhiteTitle "FM"]
[BlackTitle "FM"]
[WhiteFideId "1714830"]
[BlackFideId "6380166"]
[WhiteElo "2314"]
[BlackElo "2286"]

1. e4 c6 2. d4 d5 3. e5 c5 4. dxc5 Nc6 5. Nf3 e6 6. Bd3 Bxc5 7. O-O Nge7 8. a3 Ng6 9. b4 Bb6 10.
Re1 Bd7 11. Bb2 O-O 12. Nbd2 Rc8 13. g3 f6 14. exf6 gxf6 15. c4 Rf7 16. Qb3 Nce7 17. cxd5 Nxd5 18. Ne4 a6 19. Rad1 Qf8 20.
Bc4 Ba4 21. Qxa4 Rxc4 22. Qb3 Rc6 23. Nd4 Bxd4 24. Bxd4 b6 25. a4 Rfc7 26. b5 axb5 27. axb5 Rc4 28. Ba1 Rb4 29. Qf3 Nge7 30.
Qg4+ Qg7 31. Nxf6+ Nxf6 32. Qxb4 Ned5 33. Qd6 Qd7 34. Qxd7 Rxd7 35. Bxf6 Nxf6 36. Rxd7 1-0